 Dungeon Crawl Stone Soup version 0.28.0-43-g3370ac3207 (webtiles) character file.

Game seed: 12226114843622609281

15 Jerry the Sneak (level 2, 15/15 HPs)
             Began as a Vine Stalker Brigand on Mar 7, 2022.
             Was a Follower of Cheibriados.
             Quit the game on level 1 of the Dungeon.
             The game lasted 00:00:55 (747 turns).

Jerry the Sneak (Vine Stalker Brigand)               Turns: 747, Time: 00:00:55

Health: 15/15      AC:  3    Str: 15    XL:     2   Next: 50%
Magic:  3/3        EV: 12    Int: 13    God:    Cheibriados [*.....]
Gold:   21         SH:  0    Dex: 17    Spells: 1/1 levels left

rFire   . . .      SeeInvis .   a - +2 dagger
rCold   . . .      Faith    .   (no shield)
rNeg    . . .      Spirit   +   b - +0 robe
rPois   .          Reflect  .   (no helmet)
rElec   .          Harm     .   c - +0 cloak
rCorr   .          Rampage  .   (no gloves)
Will    .....                   (no boots)
Stlth   +++.......              (no amulet)
HPRegen 0.05/turn               (no ring)
MPRegen 0.08/turn               (no ring)

@: very slow
A: fangs 2, magic shield, antimagic bite, no potion heal 2
a: Renounce Religion, Bend Time


You were on level 1 of the Dungeon.
You worshipped Cheibriados.
Cheibriados was aware of your devotion.
You visited 1 branch of the dungeon, and saw 1 of its levels.

You collected 21 gold pieces.

Inventory:

Hand Weapons
 a - a +2 dagger (weapon)
Missiles
 d - 8 poisoned darts (quivered)
 e - 2 curare-tipped darts
Armour
 b - a +0 robe (worn)
 c - a +0 cloak (worn)
Scrolls
 f - a scroll of fog {unknown}
 g - a scroll of blinking {unknown}
 i - a scroll of magic mapping {unknown}
Potions
 h - a potion of curing {unknown}


   Skills:
 + Level 2.0 Fighting
 + Level 2.0 Short Blades
 + Level 2.0 Throwing
 + Level 1.0 Dodging
 + Level 5.0 Stealth


You had one spell level left.
You didn't know any spells.
Your spell library was empty.

Dungeon Overview and Level Annotations

Branches:
Dungeon (1/15)

Altars:
Cheibriados


Innate Abilities, Weirdness & Mutations

You have extremely sharp teeth.
When hurt, damage is shared between your health and your magic reserves.
Your bite disrupts and absorbs the magic of your enemies.
Potions cannot restore your health.


Message History

A hobgoblin comes into view.
Found a scale mail.
The hobgoblin shouts!
You hit the hobgoblin.
The hobgoblin is moderately wounded.
The hobgoblin barely misses you.
You closely miss the hobgoblin.
The hobgoblin is moderately wounded.
The hobgoblin hits you.
You hit the hobgoblin.
The hobgoblin is severely wounded.
The hobgoblin hits you.
You barely miss the hobgoblin.
The hobgoblin is severely wounded.
You hit the hobgoblin.
You kill the hobgoblin!
No target in view!
No target in view!
No target in view!
No target in view!
No target in view!
Found a mace.
You see here a +0 mace.
You open the door.
Found a ring mail and a gnoll skeleton.
No target in view!
Found a gnoll skeleton.
There is an open door here.
You open the door.
Found a faded altar of an unknown god.
There is an open door here.
There is a faded altar of an unknown god here.
You cannot tell which god this altar belongs to.
Convert to them anyway?
Cheibriados accepts your prayer! Cheibriados welcomes you!
Cheibriados begins to support your attributes as your movement slows.
Cheibriados is now slowing the effects of poison on you.
You can now bend time to slow others.
Cheibriados raises the support of your attributes as your movement slows.
Are you sure you want to abandon this character and quit the game? (Confirm with "yes".)

#.##.......♣♣#..[..#♣♣...........
...........♣÷#..8..#÷♣...#.......
...........♣♣#.....#♣♣...#.......
..##.......♣P###'###P♣...#.......
..##.......♣PP.P..PP♣♣...#.......
#..........♣♣.P..P♣P♣♣...........
............♣♣...PP♣♣......######
#............♣♣P..♣♣.......##....
#.......##....♣♣@♣♣........##....
#..............♣♣♣...............
#.####..##...#......#............
.............#.[.................
#####............................
........###......................
.................................
...............##.#.....#........
###.....##....###.............)..


There were no monsters in sight!

Vanquished Creatures
  3 ball pythons (D:1)
  4 hobgoblins (D:1)
  A quokka (D:1)
  3 goblins (D:1)
  2 rats (D:1)
13 creatures vanquished.

Notes
Turn   | Place    | Note
-------+----------+-------------------------------------------
     0 | D:1      | Jerry the Vine Stalker Brigand began the quest for the Orb.
     0 | D:1      | Reached XP level 1. HP: 11/11 MP: 2/2
   150 | D:1      | Reached skill level 1 in Dodging
   150 | D:1      | Reached XP level 2. HP: 10/15 MP: 3/3
   284 | D:1      | Reached skill level 5 in Stealth
   739 | D:1      | Found a faded altar of an unknown god.
   746 | D:1      | Prayed at the altar of an unknown god.
   746 | D:1      | Became a worshipper of Cheibriados the Contemplative
   746 | D:1      | Reached * piety under Cheibriados
   747 | D:1      | Quit the game

Illustrated notes

Levels and vault maps discovered:
D:1:      lightli_arrival_lavapool, layout_basic,
          dilly_ecumenical_altar_fadedgnrine

Skill      XL: |  1  2 |
---------------+-------+-----
Dodging        | 1 |  1.0
Stealth        | 5 |  5.0
Short Blades   | 2 |  2.0
Fighting       | 2 |  2.0
Throwing       | 2 |  2.0

Action                   || total
-------------------------++-------
Melee: Dagger            ||    24
       Bite              ||     3
 Stab: Sleeping          ||     6
Dodge: Dodged            ||     5
